 Dungeon Crawl Stone Soup version 0.25.1-1-g288607f5aa (webtiles) character file.

Game seed: 12526163609710261180

100 Kold the Cudgeler (level 4, 33/33 HPs)
             Began as a Demonspawn Gladiator on July 23, 2020.
             Was a Follower of Kikubaaqudgha.
             Quit the game on level 2 of the Dungeon.
             The game lasted 00:01:51 (1087 turns).

Kold the Cudgeler (Demonspawn Gladiator)            Turns: 1087, Time: 00:01:51

Health: 33/33      AC:  4    Str: 15    XL:     4   Next: 46%
Magic:  4/4        EV: 13    Int:  9    God:    Kikubaaqudgha [*.....]
Gold:   62         SH:  0    Dex: 21    Spells: 3/3 levels left

rFire    . . .     SeeInvis .   a - +0 flail
rCold    . . .     Gourm    .   (no shield)
rNeg     . . .     Faith    .   b - +0 leather armour
rPois    .         Spirit   +   n - +0 helmet
rElec    .         Reflect  .   (no cloak)
rCorr    .         Harm     .   (no gloves)
MR       .....                  (no boots)
Stlth    ++........             i - amulet of regeneration
HPRegen  0.51/turn              h - +6 ring of dexterity
MPRegen  0.09/turn              (no ring)

@: no status effects
A: talons 2, magic shield
a: Receive Corpses, Renounce Religion


You were on level 2 of the Dungeon.
You worshipped Kikubaaqudgha.
Kikubaaqudgha was aware of your devotion.
You were not hungry.

You visited 1 branch of the dungeon, and saw 2 of its levels.

You collected 62 gold pieces.

Inventory:

Hand Weapons
 a - a +0 flail (weapon)
Missiles
 d - 3 throwing nets (quivered)
Armour
 b - a +0 leather armour (worn)
 n - a +0 helmet (worn)
Jewellery
 h - a +6 ring of dexterity (left hand)
 i - an amulet of regeneration (around neck)
Scrolls
 j - a scroll of blinking {unknown}
 l - 3 scrolls of identify {unknown}
Potions
 e - a potion of curing
 k - a potion of ambrosia {unknown}
 m - a potion of magic {unknown}
Comestibles
 c - 3 chunks of flesh
 f - 4 rations


   Skills:
 - Level 2.0 Fighting
 + Level 4.6 Maces & Flails
 - Level 1.7 Throwing
 - Level 3.0 Dodging


You had 3 spell levels left.
You didn't know any spells.
Your spell library was empty.

Dungeon Overview and Level Annotations

Branches:
Dungeon (2/15)

Altars:
Kikubaaqudgha


Innate Abilities, Weirdness & Mutations

You have razor-sharp toenails.
When hurt, damage is shared between your health and your magic reserves.


Message History

You butcher the frilled lizard corpse.
c - 3 chunks of flesh (gained 1)
You see here a frilled lizard skeleton.
Found 16 bolts.
f - 4 rations (gained 1)
Found a faded altar of an unknown god.
You see here 16 bolts.
A frilled lizard comes into view.
There is a faded altar of an unknown god here.
Unknown command.
Press < or > to pray at altars.
You cannot tell which god this altar belongs to.
Convert to them anyway?
Okay, then.
You cannot tell which god this altar belongs to.
Convert to them anyway?
Kikubaaqudgha accepts your prayer! Kikubaaqudgha welcomes you!
You can now receive cadavers from Kikubaaqudgha.
You see here Kikubaaqudgha's Tome of Black Magic.
Kikubaaqudgha grants you a gift!
Are you sure you want to abandon this character and quit the game? (Confirm with "yes".)

..### ###...###### #..
........... l.
....###### #.##
#......... ###..##
###.######## ##.....#
#........... #...#..#
#.#.........
#@#.###.#.........
.......#...(..#........÷
#####......####.....÷.).
###.......[.........
#.#######......... #.
#......... .. #.........
.## #....(.... #####..
## ####.######


There were no monsters in sight!

Vanquished Creatures
  4 gnolls (D:2)
  3 adders (D:2)
  An ooze (D:1)
  A leopard gecko (D:1)
  3 giant cockroaches (D:1)
  5 goblins
  3 hobgoblins
  3 kobolds
  4 bats
  3 frilled lizards
  A rat (D:1)
31 creatures vanquished.

Notes
Turn   | Place    | Note
-------+----------+-------------------------------------------
     0 | D:1      | Kold the Demonspawn Gladiator began the quest for the Orb.
     0 | D:1      | Reached XP level 1. HP: 16/16 MP: 1/1
    47 | D:1      | Reached skill level 3 in Maces & Flails
    47 | D:1      | Gained mutation: You have sharp toenails. [demonic
                  | ancestry]
    47 | D:1      | Reached XP level 2. HP: 15/22 MP: 2/2
   738 | D:2      | Gained mutation: When hurt, damage is shared between your
                  | health and your magic reserves. [demonic ancestry]
   738 | D:2      | Reached XP level 3. HP: 23/27 MP: 3/3
   765 | D:2      | Reached skill level 4 in Maces & Flails
   775 | D:2      | Gained mutation: You have razor-sharp toenails. [demonic
                  | ancestry]
   775 | D:2      | Reached XP level 4. HP: 17/33 MP: 0/4
  1080 | D:2      | Found a faded altar of an unknown god.
  1086 | D:2      | Became a worshipper of Kikubaaqudgha
  1086 | D:2      | Reached * piety under Kikubaaqudgha
  1086 | D:2      | Identified Kikubaaqudgha's Tome of Black Magic
                  | (Kikubaaqudgha gifted it to you on level 2 of the Dungeon)
  1086 | D:2      | Received a gift from Kikubaaqudgha
  1087 | D:2      | Quit the game

Illustrated notes

Levels and vault maps discovered:
D:1:      giann_bridges, layout_basic
D:2:      layout_rooms, chequers_ecumenical_altar_simple

Skill      XL: |  1  2  3 |
---------------+----------+-----
Maces & Flails | 3 4 |  4.6
Dodging        | 3 |  3.0
Fighting       | |  2.0
Throwing       | |  1.7

Action                   |  1- 3 |  4- 6 || total
-------------------------+-------+-------++-------
Melee: Flail             |    63 |    16 ||    79
       Kick              |    17 |     8 ||    25
  Use: Potion            |     1 |       ||     1
 Stab: Sleeping          |     1 |       ||     1
  Eat: Chunk             |       |     1 ||     1
Armor: Leather armour    |    15 |     2 ||    17
Dodge: Dodged            |    45 |    12 ||    57
